 Dungeon Crawl Stone Soup version 0.30.1-11-g7821555f0a (webtiles) character file.

Game seed: 4263291671402041455

1409 lonewolfV2 the Fighter (level 8, -2/81 HPs)
             Began as a Minotaur Fighter on Nov 10, 2023.
             Slain by lonewolfV2's ghost (6 damage)
             ... on level 5 of the Dungeon.
             The game lasted 00:06:49 (4587 turns).

lonewolfV2 the Fighter (Minotaur Fighter)           Turns: 4587, Time: 00:06:49

Health: -2/81      AC:  7    Str: 20    XL:     8   Next: 42%
Magic:  7/7        EV: 10    Int:  5    God:
Gold:   381        SH: 14    Dex: 19    Spells: 7/7 levels left

rFire   . . .        a - +1 war axe
rCold   . . .        h - +0 tower shield
rNeg    . . .        b - +0 scale mail
rPois   .            (helmet restricted)
rElec   .            (no cloak)
rCorr   .            (no gloves)
SInv    .            (no boots)
Will    .....        (no amulet) Stlth
                     j - +6 ring of dexterity
HPRegen 0.33/turn    (no ring)
MPRegen 0.10/turn

%: no passive effects
@: mighty
A: horns 2, retaliatory headbutt
a: no special abilities


You were on level 5 of the Dungeon.
You visited 2 branches of the dungeon, and saw 6 of its levels.

You collected 381 gold pieces.

Inventory:

Hand Weapons
 a - a +1 war axe (weapon)
Missiles
 s - 2 throwing nets (quivered)
Armour
 b - a +0 scale mail (worn)
 h - a +0 tower shield (worn)
Jewellery
 j - a +6 ring of dexterity (left hand)
 k - a ring of wizardry
 t - a +6 ring of intelligence
Wands
 c - a wand of iceblast (4)
Scrolls
 g - 4 scrolls of teleportation
 p - 2 scrolls of identify
 r - a scroll of amnesia
Potions
 e - 3 potions of magic
 f - a potion of resistance {unknown}
 i - 3 potions of curing
 l - a potion of cancellation {unknown}
 m - a potion of brilliance
 n - a potion of flight {unknown}
 o - a potion of degeneration {unknown}
 q - a potion of mutation {unknown}


   Skills:
 - Level 10.9 Fighting
 - Level 2.6 Axes
 - Level 3.7 Armour
 * Level 6.0 Dodging
 - Level 3.7 Shields


You had 7 spell levels left.
You didn't know any spells.
Your spell library contained the following spells:

 Spells                   Type           Power      Damage    Failure   Level
 Summon Small Mammal      Summ           0%         N/A       100%        1
 Blink                    Tloc           0%         N/A       100%        2
 Lesser Beckoning         Tloc           0%         N/A       100%        2
 Momentum Strike          Conj/Tloc      0%         3d8       100%        2
 Call Canine Familiar     Summ           0%         N/A       100%        3
 Summon Guardian Golem    Hex/Summ       0%         N/A       100%        3


Dungeon Overview and Level Annotations

Branches:
Dungeon (5/15)             Temple (1/1) D:5

Altars:
Ashenzari
Dithmenos
Gozag
Kikubaaqudgha
Nemelex Xobeh
Okawaru
Qazlal
Ru
Sif Muna
Uskayaw
Vehumet
Wu Jian
Xom
Yredelemnul
Zin
The Shining One

Annotations:
D:5 lonewolfV2's ghost, novice FoFi


Innate Abilities, Weirdness & Mutations

You have a pair of horns on your head.
You reflexively headbutt those who attack you in melee.


Message History

You barely miss lonewolfV2's ghost.
LonewolfV2's ghost is lightly damaged.
You block lonewolfV2's ghost's attack. LonewolfV2's ghost closely misses you.
You furiously retaliate!
You headbutt lonewolfV2's ghost. You barely miss lonewolfV2's ghost.
LonewolfV2's ghost is moderately damaged.
LonewolfV2's ghost hits you.
You miss lonewolfV2's ghost. You headbutt lonewolfV2's ghost!
LonewolfV2's ghost is moderately damaged.
You block lonewolfV2's ghost's attack. x2
You closely miss lonewolfV2's ghost.
Your headbutt misses lonewolfV2's ghost.
LonewolfV2's ghost is moderately damaged.
LonewolfV2's ghost hits you.
You hit lonewolfV2's ghost but do no damage.
Your headbutt misses lonewolfV2's ghost.
LonewolfV2's ghost is moderately damaged.
You block lonewolfV2's ghost's attack. LonewolfV2's ghost hits you!
You barely miss lonewolfV2's ghost.
You headbutt lonewolfV2's ghost, but do no damage.
LonewolfV2's ghost is moderately damaged.
LonewolfV2's ghost whispers, "Death is liberation."
LonewolfV2's ghost hits you but does no damage.
You block lonewolfV2's ghost's attack.
You hit lonewolfV2's ghost.
You headbutt lonewolfV2's ghost, but do no damage.
LonewolfV2's ghost is moderately damaged.
You block lonewolfV2's ghost's attack. LonewolfV2's ghost hits you.
You feel very mighty all of a sudden. LonewolfV2's ghost hits you!
You hit lonewolfV2's ghost. You headbutt lonewolfV2's ghost.
LonewolfV2's ghost is heavily damaged.
LonewolfV2's ghost hits you!
* * * LOW HITPOINT WARNING * * *
You closely miss lonewolfV2's ghost. You headbutt lonewolfV2's ghost!
LonewolfV2's ghost is severely damaged.
LonewolfV2's ghost hits you!
* * * LOW HITPOINT WARNING * * *
LonewolfV2's ghost hits you.
You die...

##...##.######.....##
#.....
##...##.....#..#.#..#
##.###
........#####8.#.#.8###
#.# # .####.###
#..#.#..#.# #.# # ##
#<# ###.....##.# #.#
#.# #.##'KK##..#
#####†### #.#
#...KKKK...# #........
#.# #####W####.#
#.###.### #.#
####@####.###.###.# ##
#.#
#.................###
.# #.#
#.##################.
.# #.# #.# #. .####.#
#.# #. ......# #.# #.
.###### #.# #. .# #.#
#. .#
#.##################.


You could see lonewolfV2's ghost and 5 kobolds.

Vanquished Creatures
  Grinder (D:3)
  The ghost of rundlesten the Sneak, an amateur OpHW (D:4)
  An ice beast (D:4)
  3 ogres (D:5)
  A phantom (D:4)
  A kobold brigand (D:5)
  3 scorpions (D:5)
  A hound (D:4)
  Crazy Yiuf (D:2)
  An orc priest (D:5)
  Ijyb (D:4)
  An iguana (D:4)
  Natasha (D:3)
  2 orc wizards
  5 adders
  3 gnolls (D:4)
  2 dart slugs
  17 orcs
  10 ball pythons
  7 bats
  6 endoplasms
  5 hobgoblins
  2 jackals (D:2)
  7 quokkas
  3 frilled lizards
  10 goblins
  6 kobolds
  6 rats
108 creatures vanquished.

Notes
Turn   | Place    | Note
-------+----------+-------------------------------------------
     0 | D:1      | lonewolfV2 the Minotaur Fighter began the quest for the
                  | Orb.
     0 | D:1      | Reached XP level 1. HP: 19/19 MP: 0/0
   148 | D:1      | Reached skill level 4 in Fighting
   148 | D:1      | Reached XP level 2. HP: 27/27 MP: 1/1
   538 | D:2      | Found a runed translucent door.
   539 | D:2      | Noticed Crazy Yiuf
   568 | D:2      | Reached XP level 3. HP: 35/35 MP: 2/2
   599 | D:2      | Reached skill level 5 in Fighting
   611 | D:2      | Found a faded altar of an unknown god.
  1556 | D:2      | Reached XP level 4. HP: 42/44 MP: 3/3
  1656 | D:2      | Killed Crazy Yiuf
  1657 | D:2      | Reached skill level 6 in Fighting
  1999 | D:3      | Found an iron altar of Okawaru.
  1999 | D:3      | Noticed Grinder
  2024 | D:3      | Paralysed by Grinder for 2 turns
  2028 | D:3      | Killed Grinder
  2029 | D:3      | Reached skill level 8 in Fighting
  2029 | D:3      | Reached XP level 5. HP: 31/53 MP: 4/4
  2029 | D:3      | Reached XP level 6. HP: 36/61 MP: 5/5
  2498 | D:3      | Noticed Natasha
  2502 | D:3      | Killed Natasha
  2601 | D:4      | Reached skill level 9 in Fighting
  2688 | D:4      | Found a shimmering altar of Xom.
  2705 | D:4      | Noticed Ijyb
  2711 | D:4      | Killed Ijyb
  2771 | D:4      | Reached XP level 7. HP: 67/70 MP: 6/6
  2797 | D:4      | Found a runed translucent door.
  2798 | D:4      | Noticed rundlesten's ghost (amateur OpHW)
  2799 | D:4      | Found a broken altar of Ashenzari.
  2944 | D:4      | Found Vufoi's Armour Boutique.
  3307 | D:4      | Reached skill level 10 in Fighting
  3319 | D:4      | Killed rundlesten's ghost
  3557 | D:5      | Entered Level 5 of the Dungeon
  3757 | D:5      | Reached XP level 8. HP: 81/81 MP: 7/7
  3804 | D:5      | Found a staircase to the Ecumenical Temple.
  3823 | Temple   | Entered the Ecumenical Temple
  3984 | D:5      | Found a runed translucent gate.
  3984 | D:5      | Found a runed translucent gate.
  3984 | D:5      | Found a runed translucent gate.
  3987 | D:5      | Noticed lonewolfV2's ghost (novice FoFi)
  4234 | D:5      | Reached skill level 5 in Dodging
  4587 | D:5      | HP: 4/81 [lonewolfV2's ghost (14)]
  4587 | D:5      | Slain by lonewolfV2's ghost

Illustrated notes

Levels and vault maps discovered:
D:1:      dpeg_arrival_oval, layout_rooms
D:2:      minmay_chambers_of_ones, layout_loops_corners,
          shapermc_ecumenical_altar_petra, glass_columns_a, grunt_decor_cap,
          minmay_crystal_water, nrook_mini_backslash, dk_noncrumbling_2,
          hangedman_decor_points, uniq_crazy_yiuf_cottage
D:3:      layout_loops_ring, lemuel_tele_altar, uniq_grinder, uniq_natasha
D:4:      layout_basic, nicolae_ashenzari_skybound,
          mainiacjoe_overflow_24_doors, serial_shops, nicolae_shop_scrapyard,
          ebering_ghost_inner_flame, st_stairs_3, uniq_ijyb
D:5:      layout_loops_ring, minmay_temple_entry_stoned_glass,
          gammafunk_ghost_nasty_kobolds, kennysheep_nub, minivault_11,
          serial_park_tiny_pond
Temple:   nicolae_temple_ecumenical_triangle

Skill      XL: |  1  2  3  4  5  6  7  8 |
---------------+-------------------------+-----
Fighting       | 4 5 8 9 10 | 10.9
Dodging        | 3 6 |  6.0
Axes           | |  2.6
Armour         | |  3.7
Shields        | |  3.7

Action                     |  1- 3 |  4- 6 |  7- 9 || total
---------------------------+-------+-------+-------++-------
  Melee: War axe           |    86 |    74 |   108 ||   268
         Headbutt          |    10 |    15 |    33 ||    58
    Use: Scroll            |     3 |     3 |     2 ||     8
         Potion            |       |       |     1 ||     1
 Armour: Scale mail        |    54 |    22 |    38 ||   114
  Dodge: Dodged            |    27 |    12 |    22 ||    61
  Block: Buckler           |     3 |       |       ||     3
         Tower shield      |    56 |    49 |    86 ||   191
